 Dungeon Crawl Stone Soup version 0.27-a0-1438-g9b7c6745da (webtiles) character file.

Game seed: 14080673046125654704

21 2tc the Sneak (level 2, 0/11 HPs)
             Began as a Felid Enchanter on July 4, 2021.
             Slain by a gnoll (4 damage)
             ... on level 1 of the Dungeon.
             The game lasted 00:02:06 (673 turns).

2tc the Sneak (Felid Enchanter)                      Turns: 673, Time: 00:02:07

Health: 0/11       AC:  1    Str:  4    XL:     2   Next: 62%
Magic:  6/6        EV: 17    Int: 16    God:
Gold:   25         SH:  0    Dex: 16    Spells: 4/5 levels left
                                        Lives:  0   Deaths: 0

rFire    . . .     SeeInvis +     - Unarmed
rCold    . . .     Faith    .   (shield unavailable)
rNeg     . . .     Spirit   .   (armour unavailable)
rPois    .         Reflect  .   (helmet unavailable)
rElec    .         Harm     .   (cloak unavailable)
rCorr    .         Rampage  .   (gloves unavailable)
Will     .....                  (boots unavailable)
Stlth    +++.......             (no amulet)
HPRegen  0.03/turn              (no ring)
MPRegen  0.10/turn              (no ring)

@: quick
A: very small, claws 1, fangs 3, see invisible, speed 1, shaggy fur 1, stealthy
paws, no weapons or thrown items, no armour, multi-lived
a: no special abilities


You were on level 1 of the Dungeon.
You visited 1 branch of the dungeon, and saw 1 of its levels.

You collected 25 gold pieces.

Inventory:

Scrolls
 a - a scroll of noise {unknown}
Potions
 b - a potion of might {unknown}
 c - a potion of curing {unknown}


   Skills:
 - Level 2.6 Dodging
 * Level 5.1 Stealth
 - Level 1.5 Unarmed Combat
 - Level 2.0 Spellcasting
 - Level 4.4 Hexes


You had 4 spell levels left.
You knew the following spells:

 Your Spells              Type           Power      Damage    Failure   Level
a - Corona                Hex            16%        N/A       3%          1

Your spell library contained the following spells:

 Spells                   Type           Power      Damage    Failure   Level
 Confusing Touch          Hex            15%        N/A       11%         3
 Tukima's Dance           Hex            15%        N/A       11%         3
 Ensorcelled Hibernation  Hex/Ice        16%        N/A       13%         2
 Dazzling Flash           Conj/Hex       16%        N/A       26%         3


Dungeon Overview and Level Annotations

Branches:
Dungeon (1/15)

Altars:


Innate Abilities, Weirdness & Mutations

You have sharp claws.
You have razor-sharp teeth.
You have supernaturally acute eyesight. (SInv)
You cover ground quickly. (Speed+)
You are covered in fur. (AC +1)
Your paws help you pounce on unaware monsters.
You are incapable of wielding weapons or throwing items.
You cannot wear armour.
You gain extra lives every three experience levels.


Message History

The quokka barely misses you.
Found a hunting sling.
You scratch the quokka.
The quokka is moderately wounded.
The quokka misses you.
You barely miss the quokka. You bite the quokka.
The quokka is heavily wounded.
The quokka barely misses you.
You scratch the quokka.
The quokka is severely wounded.
The quokka barely misses you.
You scratch the quokka. Your bite misses the quokka.
The quokka is almost dead.
The quokka closely misses you.
You scratch the quokka.
You kill the quokka!
You barely miss the rat. The rat completely misses you.
You barely miss the rat. The rat barely misses you.
You scratch the rat.
You kill the rat!
You closely miss the frilled lizard. The frilled lizard bites you.
You closely miss the frilled lizard. The frilled lizard misses you.
You miss the frilled lizard. The frilled lizard closely misses you.
You closely miss the frilled lizard. The frilled lizard misses you.
You scratch the frilled lizard.
You kill the frilled lizard!
You see here a quokka corpse.
You open the door.
There is an open door here.
There is an open door here.
A gnoll comes into view. It is wielding a +0 club.
The helpless gnoll fails to defend itself.
You claw the gnoll!
The gnoll is almost dead.
The gnoll hits you with a +0 club!
Ouch! That really hurt!
You barely miss the gnoll.
The gnoll is almost dead.
The gnoll hits you with a +0 club.
You die...

######.# #.# #####..).#.#
#.# .........'.# #.#
####....#####.#
##.....†...#
########.#######.##
...........#......#
########.#.#.####.## #.#@#
#....# #.#g...#.##.##
#.######. #..# ...
...).##..# #.. .........#
#########################.#
........................#.#
.#....#...#.............#.#
..##....##........###...#.#


You could see a gnoll.

Vanquished Creatures
  2 dart slugs (D:1)
  An endoplasm (D:1)
  A goblin (D:1)
  A hobgoblin (D:1)
  A quokka (D:1)
  4 ball pythons (D:1)
  4 bats (D:1)
  A frilled lizard (D:1)
  3 rats (D:1)
18 creatures vanquished.

Notes
Turn   | Place    | Note
-------+----------+-------------------------------------------
     0 | D:1      | 2tc the Felid Enchanter began the quest for the Orb.
     0 | D:1      | Reached XP level 1. HP: 7/7 MP: 4/4
   148 | D:1      | Reached XP level 2. HP: 10/11 MP: 4/6
   532 | D:1      | Reached skill level 5 in Stealth
   673 | D:1      | Slain by a gnoll

Illustrated notes

Levels and vault maps discovered:
D:1:      erik_arrival_cave_to_civilisation [erik_arrival_cave_to_hall],
          layout_basic

Skill      XL: |  1  2 |
---------------+-------+-----
Stealth        | 5 |  5.1
Dodging        | |  2.6
Unarmed Combat | |  1.5
Spellcasting   | |  2.0
Hexes          | |  4.4

Action                   || total
-------------------------++-------
Melee: Unarmed           ||    40
       Bite              ||     2
 Cast: Corona            ||     5
 Stab: Sleeping          ||     6
Armor: Skin              ||     1
Dodge: Dodged            ||    33

Table legend: (Time is in decaauts)
 A = Elapsed time spent in this place.
 B = Non-inter-level travel time spent in this place.
 C = Inter-level travel time spent in this place.
 D = Time resting spent in this place.
 E = Time spent auto-exploring this place.
 F = Levels seen in this place.
 G = Mean time per level.
                   A        B        C        D        E       F      G
               +--------+--------+--------+--------+--------+-----+--------+
         Total |    600 |    600 |      0 |      9 |    459 |   1 |  600.0 |
       Dungeon |    600 |    600 |      0 |      9 |    459 |   1 |  600.0 |
               +--------+--------+--------+--------+--------+-----+--------+

Top non-repeatable levels by time:
     D:1: 600 daAuts
